 Dungeon Crawl Stone Soup version 0.26-a0-50-gc4d14cd842 (webtiles) character file.

Game seed: 3374405887793890073

348 sanka the Covert (level 6, 0/28 HPs)
             Began as a Spriggan Enchanter on June 4, 2020.
             Succumbed to Dowan's poison
             ... on level 4 of the Dungeon.
             The game lasted 00:09:42 (6284 turns).

sanka the Covert (Spriggan Enchanter)               Turns: 6284, Time: 00:09:42

Health: 0/28       AC:  2    Str:  4    XL:     6   Next: 33%
Magic:  13/20      EV: 18    Int: 18    God:
Gold:   126        SH:  0    Dex: 17    Spells: 5/11 levels left

rFire    . . .     SeeInvis +   a - +1 dagger (flame)
rCold    . . .     Gourm    .   (shield restricted)
rNeg     . . .     Faith    .   h - +0 robe (curse)
rPois    .         Spirit   .   (helmet restricted)
rElec    .         Reflect  .   (no cloak)
rCorr    .         Harm     .   (gloves unavailable)
MR       +....                  (boots unavailable)
Stlth    +++++.....             s - amulet of magic regeneration
HPRegen  0.09/turn              i - ring of stealth
MPRegen  0.42/turn              p - ring of magical power

@: lethally poisoned (0 -> -4), very quick
A: very small, unfitting armour, see invisible, herbivore, speed 3, slow
metabolism 2
a: no special abilities


You were on level 4 of the Dungeon.
You were very hungry.

You visited 1 branch of the dungeon, and saw 4 of its levels.

You collected 126 gold pieces.


Innate Abilities, Weirdness & Mutations

You are very small and have problems with some larger weapons.
You are too small for most types of armour.
You have supernaturally acute eyesight. (SInv)
You are a herbivore.
You cover ground extremely quickly.
You need to consume almost no food.


   Skills:
 - Level 5.0 Short Blades
 - Level 3.0 Dodging
 - Level 8.0 Stealth
 + Level 3.1 Spellcasting
 + Level 4.0 Hexes


You had 5 spell levels left.
You knew the following spells:

 Your Spells              Type           Power        Failure   Level  Hunger
z - Ensorcelled Hibernat  Hex/Ice        ##....       11%         2    ##.....
X - Confusing Touch       Hex            ###.....     10%         3    ###....
Z - Corona                Hex            ###....      3%          1    None

Your spell library contained the following spells:

 Spells                   Type           Power        Failure   Level  Hunger
 Tukima's Dance           Hex            ###.....     10%         3    ###....
 Dazzling Flash           Conj/Hex       ##....       22%         3    ###....

Inventory:

Hand Weapons
 a - a +1 dagger of flaming (weapon)
 q - a +0 rapier
Missiles
 k - 61 stones
 v - 36 poisoned darts (quivered)
Armour
 h - a cursed +0 robe (worn)
 w - a +0 buckler
Jewellery
 i - a ring of stealth (left hand)
 p - a ring of magical power (right hand)
 s - an amulet of magic regeneration (around neck)
Scrolls
 b - 2 scrolls of magic mapping {unknown}
 e - 6 scrolls of identify {unknown}
 f - 4 scrolls of amnesia {unknown}
 l - a scroll of blinking {unknown}
 n - 2 scrolls of remove curse {unknown}
 o - 4 scrolls of teleportation {unknown}
 r - a scroll of enchant weapon {unknown}
Potions
 c - 3 potions of degeneration {unknown}
 g - 2 potions of lignification {unknown}
 j - a potion of resistance {unknown}
 m - 2 potions of mutation {unknown}
 t - 2 potions of stabbing {unknown}
 u - a potion of might {unknown}
 x - a potion of heal wounds {unknown}
Comestibles
 d - 3 rations

Dungeon Overview and Level Annotations

Branches:
Dungeon (4/15)
 Temple: D:4-7

Altars:

Annotations:
D:4 Duvessa

.........▒▒ ▒.. ......▒...▒▒ ▒▒.
......▒▒...▒▒▒ ▒..
.............▒▒ ▒▒▒▒▒▒ ▒..
..............▒▒ ▒▒▒....▒▒▒▒..
...............▒▒ ▒▒.......▒▒.▒▒
................▒▒▒▒.........▒.▒
..................▒............▒
...............▒i..............▒
...............▒▒.e............▒▒
▒..............▒▒▒..............▒
..........▒ ▒▒..............
........▒ ▒▒)...........▒ .......
▒▒▒▒....▒▒▒▒▒▒..▒ ▒......▒▒ ▒▒..
.........▒▒ ▒▒. ........▒▒ ▒▒


You could see Duvessa (berserk).


Message History

Dowan gestures at you while chanting. The puff of flame misses you.
Aiming: Ensorcelled Hibernation (safe; 12% risk of failure)
Aim: Dowan, wielding a +1 dagger of venom and wearing a cursed +0 robe (chance to defeat MR: 40%) Dowan resists with some effort.
Dowan hits you with a +1 dagger of venom.
* * * LOW HITPOINT WARNING * * *
You are poisoned.
Aiming: Ensorcelled Hibernation (safe; 12% risk of failure)
Aim: Dowan, wielding a +1 dagger of venom and wearing a cursed +0 robe (chance to defeat MR: 40%) Dowan resists with some effort.
You feel sick. Dowan misses you. Duvessa barely misses you.
Aiming: Ensorcelled Hibernation (safe; 12% risk of failure)
Aim: Dowan, wielding a +1 dagger of venom and wearing a cursed +0 robe (chance to defeat MR: 40%) Dowan looks drowsy...
You feel sick.
Duvessa hits you with a cursed -2 short sword!
* * * LOW HITPOINT WARNING * * *
The helpless Dowan fails to defend himself.
You spit Dowan like a pig!!! You burn Dowan!
You kill Dowan!
Duvessa screams, "No!
How DARE you!"
Duvessa goes berserk!
Your Spellcasting skill increases to level 3!
Your Hexes skill increases to level 4!
Duvessa barely misses you.
You die...

Action                   |  1- 3 |  4- 6 || total
-------------------------+-------+-------++-------
Melee: Dagger            |   154 |    48 ||   202
 Cast: Ensorcelled Hiber |    40 |    56 ||    96
 Stab: Sleeping          |    21 |    40 ||    61
  Eat: Ration            |     1 |     3 ||     4
Armor: Robe              |    14 |     2 ||    16
Dodge: Dodged            |   132 |    38 ||   170

Levels and vault maps discovered:
D:1:      wander_arrival_abandoned_jail, layout_basic
D:2:      layout_loops_ring, uniq_robin
D:3:      layout_basic
D:4:      layout_cave_pods, lemuel_doored_altar, uniq_blork_the_orc,
          uniq_duvessa

Notes
Turn   | Place    | Note
-------+----------+-------------------------------------------
     0 | D:1      | sanka the Spriggan Enchanter began the quest for the Orb.
     0 | D:1      | Reached XP level 1. HP: 9/9 MP: 5/5
    59 | D:1      | Reached skill level 2 in Short Blades
   437 | D:1      | Reached XP level 2. HP: 13/13 MP: 6/6
   857 | D:1      | Learned a level 2 spell: Ensorcelled Hibernation
  1420 | D:2      | Reached skill level 3 in Short Blades
  1420 | D:2      | Reached XP level 3. HP: 7/16 MP: 0/8
  1616 | D:2      | Reached skill level 5 in Stealth
  1773 | D:2      | Noticed Robin
  2212 | D:2      | Killed Robin
  3152 | D:2      | Reached XP level 4. HP: 21/21 MP: 9/9
  3516 | D:2      | Learned a level 3 spell: Confusing Touch
  3847 | D:3      | Reached skill level 6 in Stealth
  3925 | D:3      | Reached skill level 4 in Short Blades
  4886 | D:2      | Reached XP level 5. HP: 11/24 MP: 10/10
  5831 | D:4      | Reached skill level 7 in Stealth
  6118 | D:4      | Noticed Blork the orc
  6125 | D:4      | Killed Blork the orc
  6125 | D:4      | Reached skill level 5 in Short Blades
  6125 | D:4      | Reached skill level 8 in Stealth
  6125 | D:4      | Reached XP level 6. HP: 28/28 MP: 11/11
  6262 | D:4      | Noticed Dowan
  6266 | D:4      | Noticed Duvessa
  6280 | D:4      | HP: 1/28 [Duvessa/cursed -2 short sword (10)]
  6281 | D:4      | Killed Dowan
  6281 | D:4      | Reached skill level 3 in Spellcasting
  6281 | D:4      | Reached skill level 4 in Hexes
  6284 | D:4      | Succumbed to Dowan's poison

Vanquished Creatures
  Blork the orc (D:4)
  Dowan (D:4)
  2 worker ants (D:4)
  Robin (D:2)
  4 gnolls
  4 adders (D:3)
  2 worms (D:2)
  3 dart slugs
  3 leopard geckos
  9 orcs (D:3)
  4 giant cockroaches
  14 goblins
  10 hobgoblins
  9 kobolds
  A quokka (D:4)
  A ball python (D:3)
  5 bats
  4 frilled lizards
  7 rats
85 creatures vanquished.
